 Dungeon Crawl Stone Soup version 0.18-a0-1670-gb40d73e (webtiles) character file.

135 dvd the Magician (level 4, 0/31 HPs)
             Began as a Mummy Wizard on Apr 1, 2016.
             Slain by a gnoll (2 damage)
             ... on level 4 of the Dungeon.
             The game lasted 00:13:53 (4213 turns).

dvd the Magician (Mummy Wizard)                     Turns: 4213, Time: 00:13:54

Health: 0/31       AC:  4    Str: 10    XL:     4   Next: 96%
Magic:  2/10       EV: 12    Int: 18    God:
Gold:   139        SH:  0    Dex: 10    Spells: 4 memorised, 4 levels left

rFire  x . .     SeeInvis .     l - +0 morningstar
rCold  + + .     Gourm    .     a - +0 robe
rNeg   + + +     Faith    .     (no shield)
rPois  ∞         Spirit   .     b - +0 hat
rElec  .         Dismiss  .     (no cloak)
rCorr  .         Reflect  .     m - +0 pair of gloves
SustAt .         Harm     .     k - +0 pair of boots
MR     .....                    (no amulet)
Stlth  ++........               (no ring)
                                i - ring of protection from cold

@: about to teleport, not resistant to hostile enchantments, unstealthy
A: no food or potions, fire vulnerability, cold resistance 1, negative energy
resistance 3, torment resistance, unbreathing
a: no special abilities


You were on level 4 of the Dungeon.
You were not hungry.

You visited 1 branch of the dungeon, and saw 5 of its levels.

You collected 139 gold pieces.

Inventory:

Hand Weapons
 d - a +0 dagger
 h - a +1 dagger of pain
 l - a +0 morningstar (weapon)
Armour
 a - a +0 robe (worn)
 b - a +0 hat (worn)
 k - a +0 pair of boots (worn)
 m - a +0 pair of gloves (worn)
Jewellery
 i - a ring of protection from cold (left hand)
Scrolls
 e - a scroll of magic mapping {unknown}
 f - 2 scrolls of remove curse
 g - 3 scrolls of identify
 n - 3 scrolls of immolation {unknown}
 o - a scroll of random uselessness
Books
 c - a book of Minor Magic

   Spells                             Type                      Level
   a - Magic Dart                     Conjuration                  1
   b - Blink                          Translocation                2
   c - Call Imp                       Summoning                    2
   d - Repel Missiles                 Charms/Air                   2
   e - Slow                           Hexes                        2
   f - Conjure Flame                  Conjuration/Fire             3
   g - Mephitic Cloud                 Conjuration/Poison/Air       3


   Skills:
 + Level 0.8 Fighting
 + Level 0.2 Short Blades
 + Level 2.0 Dodging
 + Level 2.1 Stealth
 + Level 4.3 Spellcasting
 + Level 1.2 Conjurations
 + Level 0.1 Charms
 + Level 1.2 Summonings
 + Level 0.7 Translocations
 + Level 0.1 Air Magic


You had 4 spell levels left.
You knew the following spells:

 Your Spells              Type           Power        Failure   Level  Hunger
a - Magic Dart            Conj           #...         12%         1    N/A
b - Call Imp              Summ           #.......     14%         2    N/A
c - Repel Missiles        Chrm/Air       #.....       21%         2    N/A
d - Blink                 Tloc           N/A          17%         2    N/A

Dungeon Overview and Level Annotations

Branches:
Dungeon (5/15)
 Temple: D:4-7

Altars:
Kikubaaqudgha
Vehumet

Shops:
D:4 }


Innate Abilities, Weirdness & Mutations

You do not eat or drink.
Your flesh is vulnerable to fire.
You are immune to poison.
Your flesh is cold resistant.
You are immune to negative energy.
You are immune to unholy pain and torment.
You can survive without breathing.


Message History

Press: ? - help, Shift-Dir - straight line, f - gnoll
Aim: a gnoll (moderately wounded, fast)
The magic dart hits the gnoll.
The gnoll is heavily wounded.
The gnoll barely misses you.
Casting: Magic Dart
Confirm with . or Enter, or press ? or * to list all spells.
Aiming: Magic Dart
Press: ? - help, Shift-Dir - straight line, f/p - gnoll
Aim: a gnoll (heavily wounded, fast)
The magic dart hits the gnoll.
The gnoll is heavily wounded.
The gnoll misses you. The giant gecko barely misses you.
The gnoll barely misses you. The giant gecko closely misses you.
A worker ant and an orc come into view.
Read which item? (? for menu, Esc to quit)
As you read the scroll labeled JOEFFYX AVIRUMP, it crumbles to dust.
You feel strangely unstable.
It was a scroll of teleportation.
The gnoll hits you.
You die...

#.# #.. ####g# #a.
#..).# ... #5####
#.# ### #g# o∩.
..# #g# #o# #.#
#g# #l# #.# #.#
#@# #.####.######
#g####.g.g........
#.g.>...##########
#########


You could see a worker ant, 2 gnolls, 2 orcs and a giant gecko.

Vanquished Creatures
  A gnoll shaman (D:4)
  2 adders
  An ooze (D:2)
  2 dart slugs
  A worm (D:3)
  3 giant geckos
  2 orcs (D:3)
  11 bats
  3 giant cockroaches
  7 goblins
  8 hobgoblins
  5 jackals
  7 kobolds
  2 quokkas (D:3)
  5 giant newts
  5 rats
65 creatures vanquished.

Vanquished Creatures (collateral kills)
  An adder (D:2)
  A worm (D:2)
  2 orcs (D:3)
  A bat (D:3)
  A hobgoblin (D:1)
  A kobold (D:2)
  2 quokkas (D:2)
  A giant newt (D:3)
  A rat (D:2)
11 creatures vanquished.

Grand Total: 76 creatures vanquished

Notes
Turn   | Place    | Note
--------------------------------------------------------------
     0 | D:1      | dvd the Mummy Wizard began the quest for the Orb.
     0 | D:1      | Reached XP level 1. HP: 13/13 MP: 4/4
   443 | D:1      | Reached XP level 2. HP: 19/19 MP: 6/6
   592 | D:1      | Learned a level 2 spell: Call Imp
  1439 | D:1      | Reached XP level 3. HP: 24/24 MP: 5/8
  1443 | D:1      | Learned a level 2 spell: Repel Missiles
  1592 | D:2      | Reached skill level 1 in Conjurations
  1920 | D:2      | Learned a level 2 spell: Blink
  1999 | D:2      | Found a radiant altar of Vehumet.
  2521 | D:2      | Reached skill level 4 in Spellcasting
  2701 | D:2      | Reached skill level 1 in Summonings
  2701 | D:2      | Reached XP level 4. HP: 14/31 MP: 5/10
  3800 | D:3      | Found an ancient bone altar of Kikubaaqudgha.
  4203 | D:5      | Entered Level 5 of the Dungeon
  4207 | D:4      | Found Xuipos's Gadget Boutique.
  4213 | D:4      | Slain by a gnoll

Vault maps used:
D:1:      scummos_arrival_checkerplants, roderic_lattice_a,
          grunt_decor_resistance
D:2:      lemuel_upstairs_altar, lemuel_round_altar
D:3:      old_standard_altar, first_bread
D:4:      minmay_temple_entry_grid, serial_shops, shop
D:5:      minmay_fountain_box

Skill      XL: |  1  2  3  4 |
---------------+-------------+-----
Conjurations   | 1 |  1.2
Stealth        | 2 |  2.1
Spellcasting   | 4 |  4.3
Summonings     | 1 |  1.2
Dodging        | 2 |  2.0
Fighting       | |  0.8
Short Blades   | |  0.2
Charms         | |  0.1
Translocations | |  0.7
Air Magic      | |  0.1

Action                   |  1- 3 |  4- 6 || total
-------------------------+-------+-------++-------
Melee: Unarmed           |     7 |       ||     7
       Dagger            |    61 |    11 ||    72
       Morningstar       |       |    20 ||    20
 Cast: Magic Dart        |    83 |    53 ||   136
       Call Imp          |    11 |    15 ||    26
       Repel Missiles    |     1 |       ||     1
       Blink             |       |     3 ||     3
  Use: Scroll            |       |     3 ||     3
 Stab: Sleeping          |     5 |     1 ||     6
       Distracted        |     1 |       ||     1
